 Dungeon Crawl Stone Soup version 0.18.1-8-gdd0e5ea (webtiles) character file.

11411 Peloso the Blocker (level 11, 0/97 HPs)
             Began as a Minotaur Fighter on June 3, 2016.
             Was a High Priest of Okawaru.
             Engulfed by an ice statue's freezing vapour (10 damage)
             ... in an ice cave.
             The game lasted 00:43:55 (11696 turns).

Peloso the Blocker (Minotaur Fighter)              Turns: 11696, Time: 00:43:56

Health: 0/97       AC: 19    Str: 21    XL:     11   Next: 49%
Magic:  10/11      EV: 10    Int:  5    God:    Okawaru [*****.]
Gold:   718        SH: 13    Dex: 16    Spells: 0 memorised, 10 levels left

rFire  . . .     SeeInvis .     a - +1 long sword
rCold  + . .     Gourm    .     b - +0 plate armour
rNeg   . . .     Faith    .     c - +0 shield
rPois  .         Spirit   .     (helmet restricted)
rElec  .         Dismiss  .     V - +0 cloak
rCorr  .         Reflect  .     j - +0 pair of gloves
SustAt .         Harm     .     K - +1 pair of boots {Stlth+}
MR     .....                    (no amulet)
Stlth  ..........               u - +3 ring of dexterity
                                C - ring of protection from cold

@: drained, not resistant to hostile enchantments, extremely unstealthy
A: retaliatory headbutt, horns 2
a: Heroism, Finesse, Renounce Religion


You were in an ice cave.
You worshipped Okawaru.
Okawaru was extremely pleased with you.
You were hungry.

You visited 2 branches of the dungeon, and saw 12 of its levels.
You also visited: Sewer and Ice Cave.

You collected 718 gold pieces.

Inventory:

Hand Weapons
 a - a +1 long sword (weapon)
 O - a +2 whip of flaming
Armour
 b - a +0 plate armour (worn)
 c - a +0 shield (worn)
 j - a +0 pair of gloves (worn)
 l - the +3 scale mail "Xihunen" {rC+ Int+2 Dex+2 Stlth+, unknown}
   (You found it on level 9 of the Dungeon)

   It affects your intelligence (+2).
   It affects your dexterity (+2).
   It protects you from cold.
   It makes you more stealthy.
 q - a +0 chain mail
 K - a +1 pair of boots of stealth (worn)
 V - a +0 cloak (worn)
Jewellery
 o - an uncursed ring of sustain attributes
 u - a +3 ring of dexterity (right hand)
 C - a ring of protection from cold (left hand)
 G - an uncursed ring of protection from fire
Wands
 y - a wand of disintegration (17/24)
 z - a wand of slowing (21/48)
 M - a wand of polymorph (4/24)
 Q - a wand of hasting (4/9)
Scrolls
 i - 4 scrolls of identify
 n - a scroll of fear {unknown}
 r - 6 scrolls of teleportation
 t - 2 scrolls of recharging
 v - a scroll of amnesia
 B - a scroll of immolation {unknown}
 E - 2 scrolls of blinking
 F - 4 scrolls of magic mapping
 L - 4 scrolls of remove curse
 T - a scroll of enchant weapon
 U - a scroll of enchant armour
Potions
 d - 3 potions of might
 g - 6 potions of agility
 p - 4 potions of curing
 x - 2 potions of flight
 A - 5 potions of invisibility
 I - a potion of brilliance
 J - 3 potions of magic {unknown}
 N - 2 potions of cancellation {unknown}
 R - a potion of heal wounds
Books
 e - a book of Annihilations

   Spells                             Type                      Level
   a - Poison Arrow                   Conjuration/Poison           6
   b - Chain Lightning                Conjuration/Air              8
   c - Lehudib's Crystal Spear        Conjuration/Earth            8
   d - Glaciate                       Conjuration/Ice              9
   e - Fire Storm                     Conjuration/Fire             9
 k - a book of Alchemy

   Spells                             Type                      Level
   a - Sublimation of Blood           Necromancy                   2
   b - Ignite Poison                  Fire/Transmutation/Poison    3
   c - Petrify                        Transmutation/Earth          4
   d - Alistair's Intoxication        Transmutation/Poison         5
   e - Irradiate                      Conjuration/Transmutation    5
 m - a book of Misfortune

   Spells                             Type                      Level
   a - Confusing Touch                Hexes                        2
   b - Confuse                        Hexes                        3
   c - Gell's Gravitas                Hexes/Translocation          3
   d - Petrify                        Transmutation/Earth          4
   e - Metabolic Englaciation         Hexes/Ice                    5
   f - Yara's Violent Unravelling     Hexes/Transmutation          5
 s - a book of Geomancy

   Spells                             Type                      Level
   a - Sandblast                      Earth                        1
   b - Passwall                       Transmutation/Earth          2
   c - Stone Arrow                    Conjuration/Earth            3
   d - Petrify                        Transmutation/Earth          4
   e - Lee's Rapid Deconstruction     Earth                        5
 H - a Young Poisoner's Handbook

   Spells                             Type                      Level
   a - Sting                          Conjuration/Poison           1
   b - Cure Poison                    Poison                       2
   c - Mephitic Cloud                 Conjuration/Poison/Air       3
   d - Olgreb's Toxic Radiance        Poison                       4
   e - Venom Bolt                     Conjuration/Poison           5
 P - a book of the Sky

   Spells                             Type                      Level
   a - Summon Lightning Spire         Summoning/Air                4
   b - Airstrike                      Air                          4
   c - Silence                        Hexes/Air                    5
   d - Deflect Missiles               Charms/Air                   6
   e - Conjure Ball Lightning         Conjuration/Air              6
   f - Tornado                        Air                          9
 S - a Grand Grimoire

   Spells                             Type                      Level
   a - Monstrous Menagerie            Summoning                    7
   b - Summon Greater Demon           Summoning                    7
   c - Malign Gateway                 Summoning/Translocation      7
   d - Summon Horrible Things         Summoning                    8
Comestibles
 f - 4 bread rations
 h - a slice of pizza
 w - 7 meat rations


   Skills:
 + Level 9.1(9.0) Fighting
 + Level 9.4(9.3) Long Blades
 + Level 10.2(10.0) Armour
 + Level 7.3(7.2) Dodging
 + Level 0.3(0.2) Stealth
 + Level 13.0(12.9) Shields
 + Level 1.6(1.5) Invocations
 + Level 1.0(0.9) Evocations


You had 10 spell levels left.
You didn't know any spells.

Dungeon Overview and Level Annotations

Branches:
Dungeon (11/15)            Temple (1/1) D:6            Lair (0/8) D:8
    Orc: D:9-12

Altars:
Cheibriados
Elyvilon
Nemelex Xobeh
Okawaru
Pakellas
Qazlal
Ru
Sif Muna
Trog
Vehumet
Xom
Yredelemnul

Shops:
D:5 !

Annotations:
IceCv exclusion: ice statue


Innate Abilities, Weirdness & Mutations

You reflexively headbutt those who attack you in melee.
You have a pair of horns on your head.


Message History

You destroy the ice statue!
The ice beast disappears in a puff of smoke!
The ice statue glitters chillingly in the dim dungeon light.
The ice statue gestures at you. The freezing blast engulfs you! You resist.
You are engulfed in freezing vapours.
You resist.
You are engulfed in freezing vapours.
You resist.
You feel like a meek peon again. The ice statue gestures at you.
The shard of ice hits you! You partially resist.
* * * LOW HITPOINT WARNING * * *
You hit the ice statue.
The ice statue is lightly damaged.
You are engulfed in freezing vapours.
You resist.
* * * LOW HITPOINT WARNING * * *
The ice statue glitters chillingly in the dim dungeon light.
You hit the ice statue. You headbutt the ice statue.
The ice statue is moderately damaged.
You are engulfed in freezing vapours.
You resist.
You die...

#######
##.....##
##...∩...##
##.........##
#...........#
#...........#
##.....§§§...##
#.....@§§§....#
#....8.§.§§...#
#......?......#
##....$.(....##
#...8.".8...#
##.........##
###########


You could see an ice statue.

Vanquished Creatures
  The ghost of imphell the Transmogrifier, a novice DrTm of Makhleb (D:8)
  Pikel (D:7)
  An orc sorcerer (D:9)
  An ugly thing (D:9)
  A manticore (D:8)
  A cyclops (D:9)
  An ice statue (IceCv)
  The ghost of Leafly the Skirmisher, an amateur DsAK of Lugonu (D:4)
  A two-headed ogre (D:7)
  Sigmund (D:6)
  A wyvern (D:9)
  2 basilisks (D:8)
  A hungry ghost (D:7)
  11 yaks
  4 ogres
  2 porcupines
  An eye of draining (D:8)
  3 sky beasts
  Purgy (Sewer)
  21 ice beasts
  3 orc warriors
  2 slaves (D:7)
  A necrophage (D:9)
  2 centaurs
  2 crocodiles (D:7)
  7 giant frogs
  A gnoll sergeant (D:6)
  A wyvern zombie (D:10)
  4 scorpions
  4 wights (D:9)
  3 howler monkeys (D:7)
  A giant frog zombie (D:9)
  3 crimson imps
  A centaur zombie (D:6)
  5 hounds
  2 centaur skeletons
  A gnoll shaman (D:5)
  2 jellies
  A giant frog skeleton (D:7)
  An iguana (D:7)
  9 orc wizards
  8 worker ants
  2 hound zombies
  Robin (D:2)
  8 gnolls
  A howler monkey skeleton (D:8)
  13 adders
  7 river rats
  2 worms (D:2)
  2 dart slugs
  11 giant geckos
  33 orcs
  14 bats
  9 giant cockroaches
  10 hobgoblins
  7 jackals (D:3)
  5 quokkas
  2 ball pythons
  A giant gecko skeleton (D:6)
  6 giant newts
  18 goblins
  A jackal skeleton (D:5)
  8 kobolds
  A quokka zombie (D:6)
  5 rats
288 creatures vanquished.

Vanquished Creatures (others)
  A slave (D:7)
  A hound (D:7)
  A worker ant (D:7)
  An adder (D:7)
  A giant newt (D:7)
5 creatures vanquished.

Grand Total: 293 creatures vanquished

Notes
Turn   | Place    | Note
--------------------------------------------------------------
     0 | D:1      | Peloso the Minotaur Fighter began the quest for the Orb.
     0 | D:1      | Reached XP level 1. HP: 19/19 MP: 0/0
   231 | D:1      | Reached XP level 2. HP: 27/27 MP: 1/1
   574 | D:1      | Reached skill level 4 in Shields
   836 | D:2      | Reached XP level 3. HP: 33/33 MP: 2/2
   931 | D:2      | Found an iron altar of Okawaru.
  1350 | D:2      | Reached XP level 4. HP: 28/40 MP: 3/3
  1700 | D:3      | Reached skill level 1 in Dodging
  1746 | D:3      | Found a shimmering altar of Xom.
  1921 | D:3      | Found a basalt altar of Yredelemnul.
  2028 | D:3      | Found a white marble altar of Elyvilon.
  2299 | D:3      | Noticed a sky beast
  2314 | D:3      | Killed a sky beast
  2314 | D:3      | Reached skill level 5 in Shields
  2314 | D:3      | Reached XP level 5. HP: 39/47 MP: 4/4
  2728 | D:2      | Noticed Robin
  2742 | D:2      | Killed Robin
  2842 | D:4      | Found a glowing drain.
  2857 | D:4      | Reached XP level 6. HP: 52/53 MP: 5/5
  2873 | Sewer    | Entered a sewer
  2879 | Sewer    | Noticed Purgy
  2887 | Sewer    | Killed Purgy
  2887 | Sewer    | Reached skill level 5 in Armour
  2887 | Sewer    | Reached skill level 6 in Shields
  3101 | D:4      | Noticed Leafly's ghost (amateur DsAK)
  3194 | D:2      | Became a worshipper of Warmaster Okawaru
  3297 | D:4      | Killed Leafly's ghost
  3297 | D:4      | Reached * piety under Okawaru
  3297 | D:4      | Reached skill level 7 in Shields
  3297 | D:4      | Reached XP level 7. HP: 49/60 MP: 6/6
  3790 | D:4      | Found a snail-covered altar of Cheibriados.
  3864 | D:5      | Entered Level 5 of the Dungeon
  3901 | D:5      | Reached skill level 5 in Fighting
  3974 | D:5      | Found Yfaptumn's Distillery.
  4681 | D:5      | Found a radiant altar of Vehumet.
  5154 | D:6      | Found a sparkling altar of Nemelex Xobeh.
  5179 | D:6      | Reached skill level 5 in Long Blades
  5179 | D:6      | Reached XP level 8. HP: 64/69 MP: 7/7
  5186 | D:6      | Reached ** piety under Okawaru
  5191 | D:6      | Found a staircase to the Ecumenical Temple.
  5195 | D:6      | Noticed Sigmund
  5319 | D:5      | Reached skill level 8 in Shields
  5539 | D:6      | Killed Sigmund
  5732 | Temple   | Entered the Ecumenical Temple
  5878 | D:6      | Reached skill level 9 in Shields
  5887 | D:6      | Found a sacrificial altar of Ru.
  6184 | D:7      | Noticed Pikel
  6228 | D:7      | Killed Pikel
  6228 | D:7      | Reached *** piety under Okawaru
  6228 | D:7      | Reached skill level 5 in Dodging
  6228 | D:7      | Reached XP level 9. HP: 33/75 MP: 8/8
  7012 | D:7      | Reached **** piety under Okawaru
  7012 | D:7      | Reached skill level 10 in Shields
  8019 | D:7      | Reached XP level 10. HP: 72/86 MP: 7/9
  8666 | D:8      | Noticed imphell's ghost (novice DrTm)
  8679 | D:8      | Killed imphell's ghost
  8679 | D:8      | Reached skill level 11 in Shields
  8679 | D:8      | Reached skill level 1 in Invocations
  8690 | D:8      | Found a deep blue altar of Sif Muna.
  8827 | D:8      | Found a staircase to the Lair.
  8851 | D:8      | Noticed a manticore
  8871 | D:8      | Killed a manticore
  8871 | D:8      | Reached ***** piety under Okawaru
  9652 | D:9      | Noticed a cyclops
  9661 | D:9      | Received a gift from Okawaru
  9661 | D:9      | Reached skill level 12 in Shields
  9675 | D:9      | Killed a cyclops
  9745 | D:9      | Reached XP level 11. HP: 38/95 MP: 10/10
  9782 | D:9      | Got a smoking scale mail
  9935 | D:9      | Noticed an orc sorcerer
  9937 | D:9      | Noticed a soul eater
  9952 | D:9      | Killed an orc sorcerer
 10067 | D:9      | Noticed a green ugly thing
 10085 | D:9      | Killed a green ugly thing
 10409 | D:10     | Entered Level 10 of the Dungeon
 10679 | D:10     | Reached skill level 10 in Armour
 11288 | D:11     | Found a frozen archway.
 11467 | IceCv    | Entered an ice cave
 11501 | IceCv    | Reached skill level 13 in Shields
 11508 | IceCv    | Reached skill level 1 in Evocations
 11696 | IceCv    | Engulfed by an ice statue's freezing vapour

Skill      XL: |  1  2  3  4  5  6  7  8  9 10 11 |
---------------+----------------------------------+-----
Armour         | 4 5 6 7 8 9 10 | 10.2
Fighting       | 4 5 6 7 8 9 |  9.1
Shields        | 4 5 7 9 10 12 13 | 13.0
Dodging        | 1 2 3 5 6 7 |  7.3
Long Blades    | 3 4 5 6 7 8 9 |  9.4
Invocations    | 1 |  1.6
Evocations     | 1 |  1.0
Stealth        | |  0.3

Action                   |  1- 3 |  4- 6 |  7- 9 | 10-12 || total
-------------------------+-------+-------+-------+-------++-------
Melee: Long sword        |   109 |   169 |   407 |   478 ||  1163
       Headbutt          |    12 |    31 |    69 |   138 ||   250
Invok: Heroism           |       |       |     5 |    12 ||    17
Evoke: Wand              |       |     2 |       |     8 ||    10
  Use: Scroll            |       |    12 |     5 |     6 ||    23
       Potion            |       |       |     3 |     2 ||     5
  Eat: Chunk             |     1 |     7 |    20 |     9 ||    37
       Fruit             |       |       |     2 |       ||     2
       Royal jelly       |       |       |     1 |       ||     1
       Pizza             |       |       |       |     2 ||     2
Armor: Scale mail        |    49 |       |       |       ||    49
       Chain mail        |    23 |    95 |   233 |   126 ||   477
       Skin              |       |       |    65 |       ||    65
       Plate armour      |       |       |       |    86 ||    86
Dodge: Dodged            |    37 |    55 |   141 |   148 ||   381
Block: Shield            |    72 |   118 |   311 |   295 ||   796
